 Dungeon Crawl Stone Soup version 0.31.0-12-g77e489cdc1 (webtiles) character file.

Game seed: 17890658273711881919

99 Gadfly the Sneak (level 4, -1/22 HPs)
             Began as a Spriggan Enchanter on Feb 15, 2024.
             Slain by a gnoll
             ... wielding a +0 flail of protection
              (6 damage)
             ... on level 3 of the Dungeon.
             The game lasted 00:02:31 (1914 turns).

Gadfly the Sneak (Spriggan Enchanter)               Turns: 1914, Time: 00:02:32

Health: -1/22      AC:  2    Str:  4    XL:     4   Next: 45%
Magic:  1/9        EV: 18    Int: 16    God:
Gold:   107        SH:  0    Dex: 17    Spells: 1/9 levels left

rFire   . . .        a - +2 dagger (heavy)
rCold   . . .        (no shield)
rNeg    . . .        b - +0 robe
rPois   .            (helmet restricted)
rElec   .            (no cloak)
rCorr   .            (gloves unavailable)
SInv    +            (boots unavailable)
Will    .....        (no amulet)
Stlth   +++          (no ring)
HPRegen 0.23/turn    (no ring)
MPRegen 0.11/turn

%: no passive effects
@: very quick
A: very small, no large weapons, unfitting armour, see invisible, speed 3
a: no special abilities


You were on level 3 of the Dungeon.
You visited 1 branch of the dungeon, and saw 3 of its levels.

You collected 107 gold pieces.

Inventory:

Hand Weapons
 a - a +2 heavy dagger (weapon)
Missiles
 g - 3 throwing nets
Armour
 b - a +0 robe (worn)
Potions
 c - 2 potions of invisibility
 d - a potion of mutation
 e - a potion of heal wounds
 f - a potion of haste {unknown}
 h - a potion of berserk rage
 j - a potion of curing {unknown}


   Skills:
 + Level 1.1 Fighting
 + Level 2.0 Short Blades
 + Level 3.3 Dodging
 + Level 5.2 Stealth
 + Level 3.3 Spellcasting
 + Level 4.0 Hexes
 + Level 1.8 Evocations


You had one spell level left.
You knew the following spells:

 Your Spells              Type           Power      Damage    Failure   Level
a - Ensorcelled Hibernat  Hex/Ice        18%        N/A       12%         2
b - Confusing Touch       Hex            15%        N/A       11%         3
c - Tukima's Dance        Hex            15%        N/A       11%         3

Your spell library contained the following spells:

 Spells                   Type           Power      Damage    Failure   Level
 Dazzling Flash           Conj/Hex       18%        N/A       24%         3


Dungeon Overview and Level Annotations

Branches:
Dungeon (3/15)

Altars:


Innate Abilities, Weirdness & Mutations

You are very small and have problems with some larger weapons.
You are too small for most types of armour.
You have supernaturally acute eyesight. (SInv)
You cover ground extremely quickly. (Speed+++)


Message History

There's nothing to open nearby.
There is a stone staircase leading down here.
You climb downwards.
There is a stone staircase leading up here.
A gnoll comes into view.
It is wielding a +0 whip and quivering a throwing net.
The gnoll shouts!
You hear a shout!
A gnoll comes into view.
It is wielding a +0 flail of protection.
The gnoll resists with significant effort.
The gnoll hits you with a +0 whip!
You hit the gnoll.
The gnoll is lightly wounded.
The gnoll closely misses you.
The gnoll looks drowsy...
The gnoll hits you with a +0 flail of protection.
The helpless gnoll fails to defend itself.
You impale the gnoll!!
You kill the gnoll!
The gnoll hits you with a +0 flail of protection.
You are too injured to fight recklessly!
You are too injured to fight recklessly!
You are too injured to fight recklessly!
You are too injured to fight recklessly!
You are too injured to fight recklessly!
Casting: Ensorcelled Hibernation (safe; 12% risk of failure)
Confirm with . or Enter, or press ? or * to list all spells.
Aiming: Ensorcelled Hibernation (safe; 12% risk of failure)
Press: ? - help, Shift-Dir - straight line, f - gnoll
Aim: a gnoll, wielding a +0 flail of protection (chance to affect: 51%)
The gnoll resists with significant effort.
A gnoll comes into view. It is wielding a +0 flail.
The gnoll hits you with a +0 flail of protection.
* * * LOW HITPOINT WARNING * * *
Casting: Ensorcelled Hibernation (safe; 12% risk of failure)
Confirm with . or Enter, or press ? or * to list all spells.
Aiming: Ensorcelled Hibernation (safe; 12% risk of failure)
Press: ? - help, Shift-Dir - straight line, f/p - gnoll
Aim: a gnoll, wielding a +0 flail of protection (chance to affect: 51%)
The gnoll resists with significant effort.
The gnoll hits you with a +0 flail of protection.
You die...

.. .. .#
.# .# .# #
#####g#g.#
#...@)...#
#.######.#
#.#<.#
#....#
######


You could see 2 gnolls.

Vanquished Creatures
  Terence (D:2)
  4 gnolls
  2 dart slugs (D:1)
  4 endoplasms
  2 hobgoblins (D:1)
  2 jackals (D:2)
  A ball python (D:1)
  A bat (D:1)
  3 frilled lizards
  6 goblins
  5 kobolds
  A rat (D:1)
32 creatures vanquished.

Notes
Turn   | Place    | Note
-------+----------+-------------------------------------------
     0 | D:1      | Gadfly the Spriggan Enchanter began the quest for the Orb.
     0 | D:1      | Reached XP level 1. HP: 9/9 MP: 5/5
   163 | D:1      | Reached XP level 2. HP: 8/13 MP: 6/6
   166 | D:1      | Learned a level 2 spell: Ensorcelled Hibernation
   663 | D:1      | Reached skill level 1 in Evocations
  1139 | D:2      | Reached XP level 3. HP: 17/17 MP: 8/8
  1382 | D:2      | Noticed Terence
  1385 | D:2      | Killed Terence
  1386 | D:2      | Reached skill level 5 in Stealth
  1682 | D:2      | Reached skill level 1 in Fighting
  1682 | D:2      | Reached XP level 4. HP: 22/22 MP: 6/9
  1883 | D:2      | Learned a level 3 spell: Confusing Touch
  1887 | D:2      | Learned a level 3 spell: Tukima's Dance
  1914 | D:3      | Slain by a gnoll

Illustrated notes

Levels and vault maps discovered:
D:1:      ncdulo_watergridlock, layout_basic
D:2:      layout_loops_ring, uniq_terence
D:3:      layout_basic, grunt_temple_overflow_order_and_chaos_2,
          xom_confusion_cloud, uniq_sigmund

Skill      XL: |  1  2  3  4 |
---------------+-------------+-----
Evocations     | 1 |  1.8
Dodging        | 3 |  3.3
Stealth        | 5 |  5.2
Spellcasting   | 3 |  3.3
Fighting       | 1 |  1.1
Short Blades   | 2 |  2.0
Hexes          | 4 |  4.0

Action                     |  1- 3 |  4- 6 || total
---------------------------+-------+-------++-------
  Melee: Dagger            |    68 |     5 ||    73
         Punch             |     1 |       ||     1
   Cast: Ensorcelled Hiber |    14 |     7 ||    21
    Use: Scroll            |     6 |     1 ||     7
   Stab: Sleeping          |    15 |     3 ||    18
 Armour: Robe              |    19 |     8 ||    27
  Dodge: Dodged            |    56 |     5 ||    61
